 Dungeon Crawl Stone Soup version 5.3-36-g3e1cf7a (webtiles) character file.

201950 bazoo the Severer (level 23, -11/258 HPs)
             Began as a Naga Gladiator on Dec 24, 2017.
             Was the Champion of Yredelemnul.
             Mangled by a cool robin (41 damage)
             ... on level 2 of the Realm of Zot on Dec 30, 2017.
             The game lasted 02:18:18 (32102 turns).

bazoo the Severer (Naga Gladiator)                 Turns: 32102, Time: 02:18:19

Health: -11/258    AC: 57 (34%)Str: 37 (38)XL:     23   Next: 16%
Magic:  5/13       EV: 12    Int: 13      God:    Yredelemnul [6*[184]]
Gold:   2714       SH:  0    Dex: 19      Spells: 16/33 levels left

rFire    + . .     SeeInvis +   V - +9 battleaxe (elec)
rCold    . . .     Faith    .   (shield currently unavailable)
rNeg     . . .     Spirit   .   B - +11 chain mail "Ipyconaf" {Str+10}
rPois    +         Reflect  .   c - +2 helmet "Uteiggail" {Regen+ Int+2}
rElec    +                      w - +2 cloak
rCorr    .                      d - +3 pair of gloves "Jymadat" {*Slow Str+4 Dex+6}
MR       ++...                  H - +6 lightning scales {run, rElec}
Stlth    ..........             Z - amulet of regeneration
Regen    1.9/turn               a - +6 ring of evasion
MPRegen  0.2/turn               S - +6 ring of protection

@: very slightly contaminated, regenerating, heavily drained, spectral weapon,
slow
A: see invisible, blink, deformed body, deterioration 1, fire resistance 1,
poison resistance, robust 1, slowness 2, slow metabolism 1, spit poison 2,
constrict 1, AC +7
}: 2/9 runes: decaying, silver
a: Breathe Poison Gas, End Regeneration, Stop Singing, End Spectral Weapon,
Blink, Injury Mirror, Recall Undead Slaves, Drain Life, Enslave Soul, Renounce
Religion


You were on level 2 of the Realm of Zot.
You worshipped Yredelemnul.
Yredelemnul was exalted by your worship.
You were not hungry.

You visited 6 branches of the dungeon, and saw 28 of its levels.
You visited 1 bazaar.
You also visited: Sewer and Elven Halls.

You collected 7821 gold pieces.
You spent 5107 gold pieces at shops.

Inventory:

Hand Weapons
 q - the +10 battleaxe of Dull {drain, rF+ MR+}
   (You took it off a deep elf death mage in the Elven Halls)

   A truly terrible weapon, it drains the life of those it strikes.
   It protects you from fire.
   It affects your resistance to hostile enchantments.
 V - a +9 battleaxe of electrocution (weapon)
Missiles
 e - 37 curare darts
 r - 177 tomahawks (quivered)
 I - 178 poisoned darts
 N - 102 javelins
Armour
 c - the +2 helmet "Uteiggail" (worn) {Regen+ Int+2}
   (You acquired it on level 1 of the Depths)

   It affects your intelligence (+2).
   It increases your rate of regeneration.
 d - the +3 pair of gloves "Jymadat" (worn) {*Slow Str+4 Dex+6}
   (You found it in the Elven Halls)

   It affects your strength (+4).
   It affects your dexterity (+6).
   It may slow you when you take damage.
 w - a +2 cloak (worn)
 B - the +11 chain mail "Ipyconaf" (worn) {Str+10}
   (You found it on level 2 of the Depths)

   It affects your strength (+10).
 H - the +6 lightning scales (worn) {run, rElec}
   (You acquired it in a bazaar)

   It insulates you from electricity.
Jewellery
 a - a +6 ring of evasion (left hand)
 t - an uncursed amulet of magic regeneration
 y - the ring of Vularph {Ice -Tele *Contam rN++ Dex+9 SInv}
   (You found it in the Elven Halls)

   [ring of ice]

   It enhances your ice magic.
   It affects your dexterity (+9).
   It protects you from cold.
   It greatly protects you from negative energy.
   It lets you see invisible.
   It prevents most forms of teleportation.
   It causes magical contamination when unequipped.
 C - an uncursed ring of positive energy
 M - an uncursed ring of ice
 R - an uncursed ring of protection from magic
 S - a +6 ring of protection (right hand)
 Z - an amulet of regeneration (around neck)
Wands
 h - a wand of enslavement (7)
 i - a wand of disintegration (6)
 A - a wand of paralysis (4)
 F - a wand of acid (8)
 L - a wand of polymorph (27)
 O - a wand of digging (5)
 T - a wand of lightning (17)
 X - a wand of scattershot (2)
 Y - a wand of confusion (23)
Scrolls
 g - 2 scrolls of blinking
 k - 2 scrolls of brand weapon
 m - 2 scrolls of enchant weapon
 n - 5 scrolls of fear
 p - 8 scrolls of enchant armour
 G - 2 scrolls of magic mapping
 J - 2 scrolls of summoning
 P - 3 scrolls of fog
 U - 2 scrolls of vulnerability
 W - 5 scrolls of silence
Potions
 b - 5 potions of cancellation
 f - 10 potions of flight
 l - a potion of magic
 s - a potion of lignification
 u - 4 potions of berserk rage
 v - 12 potions of mutation
 x - 3 potions of augmentation
 z - 6 potions of heal wounds
 D - 2 potions of haste
 E - 10 potions of curing
 Q - a potion of ambrosia
Miscellaneous
 j - 2 sacks of spiders
 K - 4 boxes of beasts


   Skills:
 * Level 19.8(17.4) Fighting
 + Level 20.5(18.2) Axes
 - Level 1.7(0.2) Throwing
 + Level 14.8(12.7) Armour
 - Level 2.4(0.8) Dodging
 - Level 5.6(3.9) Spellcasting
 - Level 10.2(8.3) Charms
 - Level 12.0(10.0) Summonings
 - Level 4.3(2.7) Necromancy
 - Level 10.1(8.2) Invocations
 * Level 11.3(9.4) Evocations


You had 16 spell levels left.
You knew the following spells:

 Your Spells              Type           Power        Failure   Level  Hunger
a - Infusion              Chrm           24 (25)      1%          1    N/A
b - Song of Slaying       Chrm           24 (100)     2%          2    N/A
c - Regeneration          Chrm/Necr      16 (200)     19%         3    N/A
d - Ozocubu's Armour      Chrm/Ice       13 (100)     71%         4    N/A
e - Spectral Weapon       Chrm/Summ      26 (100)     36%         5    N/A
f - Summon Butterflies    Summ           28 (100)     1%          1    N/A
g - Beastly Appendage     Tmut           2 (50)       52%         1    N/A

Dungeon Overview and Level Annotations

Branches:
Dungeon (15/15) Swamp (3/3) Orc:2 Slime (0/4) Orc:2 Vaults:3 Orc (2/2) D:15 Vaults (3/3) D:15 Swamp:3 Depths (3/3) Vaults:3 Zot (2/5) Depths:3 Snake: Orc:2 Spider: Orc:2

Altars:
Cheibriados
Dithmenos
Elyvilon
Gozag
Hepliaklqana
Jiyva
Kikubaaqudgha
Makhleb
Okawaru
Qazlal
Ru
Sif Muna
Trog
Uskayaw
Vehumet
Xom
Yredelemnul
The Shining One

Shops:
D:14 (   Orc:1 =[!:[   Orc:2 :(!?=   Vaults:1 *   Vaults:2 }   Depths:1 *
Depths:3 (

Portals:
Pandemonium: Depths:3

Annotations:
Zot:1 the Combo Robin


Innate Abilities, Weirdness & Mutations

You cannot wear boots.
Your serpentine skin is tough. (AC +7)
You have supernaturally acute eyesight. (SInv)
Armour fits poorly on your strangely shaped body.
Your system is resistant to poisons. (rPois)
You cover ground very slowly.
You have a slow metabolism.
You can exhale a cloud of poison.
You can use your snake-like lower body to constrict enemies.
You can translocate small distances at will.
Your body sometimes deteriorates upon taking damage.
Your flesh is heat resistant. (rF+)
You are robust. (+10% HP)


Message History

The quicksilver dragon closely misses you.
The cool robin completely misses you.
The acid robin claws you but does no damage.
The shadow dragon bites you but does no damage.
The shadow dragon claws you but does no damage. x2
The cool robin claws you but does no damage. x2
The acid robin claws you but does no damage.
The quicksilver dragon bites you but does no damage.
The quicksilver dragon completely misses you.
The cool robin claws you but does no damage.
The acid robin closely misses you.
The shadow dragon bites you but does no damage.
The shadow dragon claws you but does no damage. x2
The quicksilver dragon misses you.
The quicksilver dragon claws you but does no damage.
The cool robin claws you (8)!
* * * LOW HITPOINT WARNING * * *
The cool robin freezes you (41)!!!
You die...
Your body rises from the dead as a mindless zombie.

.. .##.
.... #####
..#
##.⌠.##..#
#.....#S.#
#⌠..DbDb8#
#...b@#b8#
##.⌠.## .#
##### .#
.. #.


You could see a shadow dragon, 2 acid robins, a cool robin, a subtractor snake,
a zotling and a quicksilver dragon.

Vanquished Creatures
  Khufu (Depths:2)
  Mennas (Depths:2)
  A greater mummy (Depths:2)
  A cool robin (Zot:2)
  Xtahua (Vaults:3)
  Saint Roka (Orc:2)
  13 acid robins
  3 golden dragons
  A bone dragon (Depths:3)
  Jorgrun (Vaults:1)
  8 ghost robins
  Asterion (Depths:2)
  A deep elf blademaster (Elf)
  2 deep elf master archers (Elf)
  4 titans
  4 tentacled monstrosities
  5 iron trolls
  A plutonium crab (shapeshifter) (Vaults:3)
  A plutonium crab (Zot:2)
  Kirke (Swamp:2)
  2 ancient champions (Depths:2)
  2 thorn hunters
  Agnes (D:14)
  5 storm dragons (Vaults:3)
  9 tengu reavers (Vaults:3)
  A shadow dragon (Vaults:3)
  10 frost giants
  8 vault wardens (Vaults:3)
  6 fire giants
  2 imperial myrmidons
  8 deep elf sorcerers
  2 deep elf elementalists (Elf)
  An acid robin zombie (Depths:2)
  3 war gargoyles (Vaults:3)
  17 stone giants
  4 ironheart preservers
  A juggernaut skeleton (Depths:2)
  An acid robin skeleton (Depths:2)
  4 revenants
  2 mutatatotots (Depths:3)
  3 very ugly things
  4 deep elf demonologists
  4 deep elf annihilators (Elf)
  A halazid warlock (Vaults:3)
  5 deep elf death magi
  2 crystal guardians (Vaults:2)
  8 ettins
  5 deep elf high priests
  5 jiangshi
  7 yaktaur captains
  Fannar (D:10)
  Erolcha (D:13)
  A great orb of eyes (Depths:1)
  Harold (D:12)
  5 rakshasas
  28 vault guards
  A catoblepas (D:15)
  4 eidola
  2 ice dragons
  A ghost crab (Swamp:2)
  A juggernaut simulacrum (Depths:2)
  9 hydras
  Erica (D:10)
  4 centaur warriors
  6 two-headed ogres
  An anaconda (shapeshifter) (Vaults:3)
  A queen ant (D:10)
  2 tengu warriors (D:15)
  7 alligators
  3 deep troll shamans
  5 ogre magi
  A deep troll earth mage (Depths:1)
  A spriggan berserker (Depths:2)
  5 vampire magi
  2 orc high priests
  2 deep elf knights
  Nergalle (D:10)
  A titan skeleton (Depths:2)
  A shadow wraith (Vaults:3)
  An unseen horror (D:11)
  3 glowing orange brains
  A deep troll (shapeshifter) (Vaults:3)
  3 spriggan druids
  8 deep trolls
  4 skeletal warriors (Depths:2)
  2 hell knights
  An unseen horror (shapeshifter) (D:15)
  A glowing orange brain (shapeshifter) (Vaults:3)
  4 wizards
  12 swamp dragons
  A flayed ghost (Vaults:2)
  A deep elf archer (Vaults:1)
  6 ironbrand convokers
  A shambling mangrove (Swamp:3)
  A lindwurm (shapeshifter) (Vaults:3)
  A sphinx zombie (Depths:2)
  3 phantasmal warriors (Vaults:3)
  5 harpies (Vaults:2)
  15 deep elf magi
  2 necromancers (Depths:2)
  3 orc knights
  29 ugly things
  7 zotlings (Depths:3)
  12 orc sorcerers
  3 hornets
  3 cyclopes
  A manticore (shapeshifter) (Vaults:3)
  3 manticores
  A moth of wrath (Zot:1)
  A sphinx skeleton (Depths:2)
  Joseph (D:10)
  11 vault sentinels
  A spriggan zombie (Depths:2)
  2 black mambas (D:12)
  2 spiny frogs
  A torpor snail (D:12)
  2 freezing wraiths
  14 yaktaurs
  A rime drake (D:7)
  A komodo dragon (Swamp:1)
  A tengu conjurer (D:13)
  A redback zombie (D:14)
  2 meliai (D:15)
  A wolf spider simulacrum (D:15)
  3 tyrant leeches
  6 trolls
  8 bog bodies
  A wind drake (shapeshifter) (Vaults:3)
  6 blink frogs
  9 slime creatures
  A meliai zombie (D:13)
  6 spriggans (Swamp:3)
  4 wyverns
  3 shadows
  A tarantella (shapeshifter) (D:15)
  4 wraiths
  4 water elementals (Depths:2)
  A vampire (D:14)
  5 hogs (Swamp:2)
  2 fire elementals (D:14)
  7 vampire mosquitoes
  A steam dragon (D:11)
  6 wargs
  7 soldier ants (D:10)
  12 swamp worms
  4 acid dragons
  A spiny frog zombie (D:9)
  13 swamp drakes (Swamp:3)
  27 orc warriors
  A phantom (D:10)
  A black bear (shapeshifter) (Vaults:1)
  A black bear (D:8)
  A spiny frog skeleton (D:8)
  10 wasps
  A blink frog zombie (D:10)
  4 ice beasts
  14 ogres
  3 boggarts (Vaults:1)
  29 centaurs
  A blink frog skeleton (D:10)
  A rime drake skeleton (D:12)
  4 bullfrogs
  A gnoll sergeant (D:6)
  3 scorpions
  A water moccasin zombie (D:7)
  19 killer bees
  5 crimson imps
  5 wights (D:9)
  2 howler monkeys
  A howler monkey (shapeshifter) (Vaults:3)
  3 centaur zombies
  2 hounds
  3 jellies
  14 orc priests
  3 centaur skeletons
  A jelly (shapeshifter) (Vaults:3)
  A gnoll shaman (D:6)
  32 orc wizards
  32 worker ants
  An iguana (D:9)
  A killer bee zombie (D:10)
  A hound zombie (D:5)
  A hound skeleton (D:4)
  2 mummies (Depths:2)
  A howler monkey zombie (D:6)
  7 gnolls (D:6)
  5 adders
  2 shadow imps (D:5)
  A white imp (Depths:3)
  4 oozes (Sewer)
  An adder skeleton (D:4)
  4 dart slugs
  67 orcs
  8 quokkas
  11 bats
  3 giant cockroaches
  6 goblins
  4 hobgoblins
  12 jackals
  6 ball pythons
  7 frilled lizards
  6 kobolds
  9 rats
  A briar patch (Swamp:3)
  3 fungi
979 creatures vanquished.

Vanquished Creatures (collateral kills)
  Bai Suzhen (Depths:1)
  Jory (Depths:3)
  A zotbot (Zot:1)
  A titan (Depths:2)
  A tengu reaver (Vaults:3)
  An iron troll (Depths:1)
  A thorn hunter (Swamp:3)
  A storm dragon (Vaults:3)
  2 frost giants
  2 fire giants
  An imperial myrmidon (Vaults:3)
  2 vault wardens
  4 ironheart preservers
  Azrael (D:14)
  2 halazid warlocks
  A merfolk impaler (Depths:2)
  4 ettins
  2 jiangshi
  A fire dragon (Vaults:2)
  An ogre mage (Orc:2)
  A rakshasa (Vaults:3)
  2 great orbs of eyes
  2 yaktaur captains (Vaults:2)
  An eidolon (Depths:2)
  A hydra (D:12)
  6 vault guards
  An alligator (shapeshifter) (Vaults:2)
  A centaur warrior (D:14)
  A deep troll earth mage (Depths:2)
  A deep elf knight (Vaults:2)
  A shadow wraith (Vaults:2)
  A flayed ghost (Vaults:2)
  3 deep trolls
  A swamp dragon (Swamp:2)
  A deep elf archer (Vaults:2)
  A harpy (Vaults:2)
  An orc knight (Vaults:2)
  2 phantasmal warriors (Vaults:3)
  2 ugly things
  6 deep elf magi
  A moth of wrath (Zot:1)
  A spiny frog (Swamp:2)
  A gargoyle (D:15)
  A centaur skeleton (D:15)
  A rime drake (D:14)
  A yaktaur (shapeshifter) (Vaults:2)
  7 yaktaurs
  A tengu conjurer (D:13)
  A troll (Orc:1)
  A tyrant leech (Swamp:2)
  A meliai (D:15)
  2 bog bodies (Swamp:2)
  A blink frog (D:15)
  A blink frog (shapeshifter) (Vaults:2)
  A tarantella (shapeshifter) (Vaults:1)
  A wyvern (shapeshifter) (D:15)
  2 fire elementals (D:14)
  2 vampire mosquitoes (Swamp:2)
  A warg (Orc:2)
  A swamp drake (Swamp:1)
  4 orc warriors
  A wasp (D:14)
  An ice beast (D:12)
  A boggart (Vaults:1)
  9 centaurs
  A wyvern zombie (D:14)
  2 orc priests (Orc:2)
  3 orc wizards (Orc:2)
  5 orcs
  3 fungi
  A plant (D:12)
127 creatures vanquished.

Vanquished Creatures (others)
  3 profane servitors
  A storm dragon (Vaults:3)
  5 ghouls
  3 vampire knights
  3 flayed ghosts
  A skeletal warrior (Depths:2)
  2 phantasmal warriors
  A blink frog (D:14)
  6 vampires
  14 flying skulls
  2 wraiths
  A swamp drake (Swamp:3)
  A wyvern skeleton (D:14)
  3 wights
  A mummy (D:12)
  A quokka (D:3)
  4 briar patches (Swamp:3)
  9 fungi
  2 plants
  24 spectral weapons
87 creatures vanquished.

Grand Total: 1193 creatures vanquished

Notes
Turn   | Place    | Note
-------+----------+-------------------------------------------
     0 | D:1      | bazoo the Naga Gladiator began the quest for the Orb.
     0 | D:1      | Reached XP level 1. HP: 19/19 MP: 1/1
   298 | D:1      | Reached XP level 2. HP: 26/26 MP: 2/2
   610 | D:1      | Reached skill level 4 in Axes
   851 | D:2      | Found a shimmering altar of Xom.
   932 | D:2      | Reached XP level 3. HP: 32/32 MP: 3/3
  1220 | D:2      | Found a basalt altar of Yredelemnul.
  1235 | D:2      | Became a worshipper of Yredelemnul the Dark
  1309 | D:2      | Reached XP level 4. HP: 37/39 MP: 4/4
  1509 | D:3      | Reached skill level 5 in Axes
  1514 | D:3      | Reached XP level 5. HP: 7/45 MP: 5/5
  1697 | D:3      | Found a white marble altar of Elyvilon.
  1757 | D:3      | Found a snail-covered altar of Cheibriados.
  1854 | D:3      | Reached skill level 6 in Axes
  1894 | D:3      | Reached * piety under Yredelemnul
  1894 | D:3      | Reached XP level 6. HP: 32/52 MP: 6/6
  1961 | D:3      | Found a glowing drain.
  1977 | Sewer    | Entered a sewer
  2479 | Sewer    | Gained mutation: You are weak. (Str -5) [potion of mutation]
  2479 | Sewer    | Gained mutation: You are frail. (-10% HP) [potion of mutation]
  2479 | Sewer    | Gained mutation: You are dopey. (Int -5) [potion of mutation]
  2479 | Sewer    | Gained mutation: You can translocate small distances at will. [potion of mutation]
  2480 | Sewer    | Lost mutation: You are dopey. (Int -5) [potion of mutation]
  2480 | Sewer    | Lost mutation: You are weak. (Str -5) [potion of mutation]
  2480 | Sewer    | Lost mutation: You are frail. (-10% HP) [potion of mutation]
  2480 | Sewer    | Gained mutation: Your flesh is heat resistant. (rF+) [potion of mutation]
  2480 | Sewer    | Gained mutation: You can exhale a cloud of poison. [potion of mutation]
  2480 | Sewer    | Gained mutation: Your body sometimes deteriorates upon taking damage. [potion of mutation]
  2480 | Sewer    | Gained mutation: You are robust. (+10% HP) [potion of mutation]
  2833 | D:3      | Found a burning altar of Makhleb.
  2874 | D:3      | Found a sacrificial altar of Ru.
  2925 | D:3      | Reached skill level 7 in Axes
  3237 | D:3      | Found a hazy altar of Hepliaklqana.
  3454 | D:4      | Reached ** piety under Yredelemnul
  3505 | D:4      | Reached XP level 7. HP: 37/66 MP: 7/7
  3505 | D:4      | Reached skill level 8 in Axes
  3654 | D:4      | Reached skill level 9 in Axes
  3794 | D:4      | Found a deep blue altar of Sif Muna.
  3798 | D:4      | Found a viscous altar of Jiyva.
  3798 | D:4      | Found a shadowy altar of Dithmenos.
  4160 | D:4      | Found an ancient bone altar of Kikubaaqudgha.
  4218 | D:4      | Reached XP level 8. HP: 73/73 MP: 8/8
  4339 | D:5      | Entered Level 5 of the Dungeon
  4629 | D:5      | Reached skill level 10 in Axes
  4866 | D:5      | Found a hide-covered altar of Uskayaw.
  4882 | D:5      | Found a bloodstained altar of Trog.
  5111 | D:6      | Reached skill level 11 in Axes
  5144 | D:6      | Reached XP level 9. HP: 71/80 MP: 9/9
  5193 | D:6      | Found a radiant altar of Vehumet.
  5573 | D:6      | Reached *** piety under Yredelemnul
  5757 | D:6      | Reached skill level 12 in Axes
  5800 | D:6      | Found a glowing golden altar of the Shining One.
  6067 | D:7      | Found an iron altar of Okawaru.
  6080 | D:7      | Noticed a rime drake
  6103 | D:7      | Killed a rime drake
  6495 | D:7      | Found a stormy altar of Qazlal.
  6563 | D:7      | Found an opulent altar of Gozag.
  7135 | D:8      | Reached skill level 5 in Fighting
  7135 | D:8      | Reached XP level 10. HP: 96/96 MP: 10/10
  7516 | D:9      | Noticed a two-headed ogre
  7525 | D:9      | Killed a two-headed ogre
  7525 | D:9      | Reached skill level 13 in Axes
  7766 | D:9      | Reached **** piety under Yredelemnul
  7766 | D:9      | Received a gift from Yredelemnul (a wight)
  7962 | D:9      | Noticed a two-headed ogre
  7976 | D:9      | Killed a two-headed ogre
  8334 | D:10     | Entered Level 10 of the Dungeon
  8349 | D:10     | Noticed Erica
  8365 | D:10     | Killed Erica
  8397 | D:10     | Noticed Fannar
  8409 | D:10     | Killed Fannar
  8409 | D:10     | Reached skill level 14 in Axes
  8409 | D:10     | Reached XP level 11. HP: 76/114 MP: 11/11
  8600 | D:10     | Found an iron altar of Okawaru.
  8722 | D:10     | Noticed Nergalle
  8745 | D:10     | Killed Nergalle
  8900 | D:10     | Noticed Joseph
  8911 | D:10     | Killed Joseph
  9029 | D:10     | Reached skill level 1 in Invocations
  9041 | D:10     | Noticed a queen ant
  9055 | D:10     | Killed a queen ant
  9470 | D:11     | Received a gift from Yredelemnul (3 flying skulls)
  9581 | D:11     | Got the Collected Works on Ensnaring Feathers
  9611 | D:11     | Noticed a manticore
  9614 | D:11     | Noticed an unseen horror
  9632 | D:11     | Killed a manticore
  9632 | D:11     | Reached skill level 5 in Invocations
  9632 | D:11     | Killed an unseen horror
  9632 | D:11     | Reached skill level 15 in Axes
  9648 | D:11     | Noticed a manticore
  9654 | D:11     | Killed a manticore
  9654 | D:11     | Reached XP level 12. HP: 75/126 MP: 16/16
 10626 | D:11     | Noticed an orc high priest
 10638 | D:11     | Killed an orc high priest
 10641 | D:11     | Received a gift from Yredelemnul (a mummy)
 11058 | D:11     | Found an opulent altar of Gozag.
 11273 | D:12     | Reached skill level 10 in Fighting
 11312 | D:12     | Noticed Harold
 11321 | D:12     | Killed Harold
 11413 | D:12     | Noticed an eight-headed hydra
 11420 | D:12     | Killed an eight-headed hydra
 11446 | D:12     | Reached ***** piety under Yredelemnul
 11463 | D:12     | Received a gift from Yredelemnul (5 flying skulls)
 11466 | D:12     | Reached skill level 16 in Axes
 11478 | D:12     | Found a flickering gateway to a bazaar.
 11492 | Bazaar   | Entered a bazaar
 11516 | Bazaar   | Found Zophusel's General Store.
 11529 | Bazaar   | Found Lapha's Book Emporium.
 11540 | Bazaar   | Found Jesea's Magic Scroll Shoppe.
 11545 | Bazaar   | Bought a scroll of acquirement for 416 gold pieces
 11611 | Bazaar   | Found Jaryer's Armour Shoppe.
 11633 | Bazaar   | Found Byutuzat's Distillery.
 11638 | Bazaar   | Bought a potion of augmentation for 60 gold pieces
 11638 | Bazaar   | Bought a potion of heal wounds for 60 gold pieces
 11716 | Bazaar   | Bought a scroll of blinking for 60 gold pieces
 11716 | Bazaar   | Bought a scroll of fear for 28 gold pieces
 11716 | Bazaar   | Bought a scroll of summoning for 76 gold pieces
 11716 | Bazaar   | Bought a scroll of fog for 16 gold pieces
 12192 | D:13     | Noticed a centaur warrior
 12204 | D:13     | Killed a centaur warrior
 12271 | D:13     | Found an opulent altar of Gozag.
 12326 | D:13     | Noticed Erolcha
 12335 | D:13     | Killed Erolcha
 12335 | D:13     | Gained mutation: You can use your snake-like lower body to constrict enemies. [Naga growth]
 12335 | D:13     | Reached XP level 13. HP: 103/139 MP: 18/18
 13362 | D:14     | Noticed Agnes
 13372 | D:14     | Killed Agnes
 13372 | D:14     | Reached skill level 17 in Axes
 13382 | D:14     | Received a gift from Yredelemnul (a wight)
 13786 | D:14     | Received a gift from Yredelemnul (2 flying skulls)
 14075 | D:14     | Noticed Azrael
 14086 | D:14     | Killed Azrael
 14217 | D:14     | Found Dulak's Antique Weapon Shoppe.
 14446 | D:15     | Entered Level 15 of the Dungeon
 14479 | D:15     | Received a gift from Yredelemnul (a wight)
 14678 | D:15     | Noticed a vault guard
 14678 | D:15     | Noticed a vault guard
 14679 | D:15     | Noticed a vault guard
 14687 | D:15     | Killed a vault guard
 14689 | D:15     | Noticed a vault guard
 14693 | D:15     | Noticed a vault guard
 14697 | D:15     | Killed a vault guard
 14697 | D:15     | Reached skill level 18 in Axes
 14697 | D:15     | Reached XP level 14. HP: 144/152 MP: 19/19
 14962 | D:15     | Found a gate to the Vaults.
 15132 | D:15     | Found a staircase to the Depths.
 15289 | D:15     | Received a gift from Yredelemnul (a phantasmal warrior)
 15314 | D:15     | Reached skill level 19 in Axes
 15818 | D:15     | Received a gift from Yredelemnul (a vampire)
 15847 | D:15     | Found a staircase to the Orcish Mines.
 16494 | Orc:1    | Entered Level 1 of the Orcish Mines
 16496 | Orc:1    | Found Gaujefash's Distillery.
 16513 | Orc:1    | Bought a potion of augmentation for 65 gold pieces
 16513 | Orc:1    | Bought a potion of heal wounds for 65 gold pieces
 16624 | Orc:1    | Found Sampidul's Armour Shoppe.
 16694 | Orc:1    | Received a gift from Yredelemnul (a wraith)
 16770 | Orc:1    | Found Onaiguoh's Book Boutique.
 16793 | Orc:1    | Found Qyll's Armour Shoppe.
 16925 | Orc:1    | Found Oscheciu's Jewellery Boutique.
 17298 | Orc:2    | Entered Level 2 of the Orcish Mines
 17334 | Orc:2    | Found a staircase to the Slime Pits.
 17334 | Orc:2    | Found a viscous altar of Jiyva.
 17391 | Orc:2    | Received a gift from Yredelemnul (4 flying skulls)
 17426 | Orc:2    | Found a staircase to the Swamp.
 17540 | Orc:2    | Found Nuetoul's Jewellery Boutique.
 17677 | Orc:2    | Reached XP level 15. HP: 158/162 MP: 20/20
 17682 | Orc:2    | Found Odaitaff's Distillery.
 17723 | Orc:2    | Found an ancient bone altar of Kikubaaqudgha.
 17756 | Orc:2    | Found Toutisis's Antique Weapon Emporium.
 17776 | Orc:2    | Received a gift from Yredelemnul (a vampire)
 17781 | Orc:2    | Noticed Saint Roka
 17789 | Orc:2    | Received a gift from Yredelemnul (a vampire knight)
 18141 | Orc:2    | Found a radiant altar of Vehumet.
 18220 | Orc:2    | Killed Saint Roka
 18220 | Orc:2    | Reached skill level 20 in Axes
 18238 | Orc:2    | Found Musm's Book Emporium.
 18254 | Orc:2    | Found Aplooqol's Magic Scroll Shoppe.
 18262 | Orc:2    | Bought a scroll of acquirement for 728 gold pieces
 18268 | Orc:2    | Bought a scroll of acquirement for 728 gold pieces
 18319 | Orc:2    | Bought a +2 battleaxe of electrocution for 761 gold pieces
 18354 | Orc:2    | Bought a book of Battle for 560 gold pieces
 18356 | Orc:2    | Learned a level 1 spell: Infusion
 18359 | Orc:2    | Learned a level 2 spell: Song of Slaying
 18363 | Orc:2    | Learned a level 3 spell: Regeneration
 18368 | Orc:2    | Learned a level 4 spell: Ozocubu's Armour
 18578 | Orc:2    | Bought a +6 ring of evasion for 1092 gold pieces
 18633 | Swamp:1  | Entered Level 1 of the Swamp
 18650 | Swamp:1  | Reached skill level 1 in Charms
 18658 | Swamp:1  | Reached skill level 1 in Armour
 18665 | Swamp:1  | Received a gift from Yredelemnul (a vampire)
 18877 | Swamp:1  | Noticed a thorn hunter
 18888 | Swamp:1  | Killed a thorn hunter
 19629 | Swamp:2  | Received a gift from Yredelemnul (a ghoul)
 19746 | Swamp:2  | Noticed Kirke
 19766 | Swamp:2  | Killed Kirke
 20203 | Swamp:2  | Reached skill level 5 in Charms
 20480 | Swamp:3  | Entered Level 3 of the Swamp
 20619 | Swamp:3  | Reached ****** piety under Yredelemnul
 20624 | Swamp:3  | Reached skill level 5 in Armour
 20636 | Swamp:3  | Reached XP level 16. HP: 115/174 MP: 21/21
 20794 | Swamp:3  | Learned a level 5 spell: Spectral Weapon
 20932 | Swamp:3  | Reached skill level 1 in Necromancy
 21165 | Swamp:3  | Noticed a thorn hunter
 21194 | Swamp:3  | HP: 4/174 [alligator (19)]
 21916 | Swamp:3  | Noticed a tentacled monstrosity
 21938 | Swamp:3  | Killed a tentacled monstrosity
 22287 | Swamp:3  | Noticed a thorn hunter
 22291 | Swamp:3  | Received a gift from Yredelemnul (a wraith)
 22297 | Swamp:3  | Killed a thorn hunter
 22315 | Swamp:3  | Got the +4 ring mail of Bufucrah {rPois}
 22358 | Swamp:3  | Found a gate to the Vaults.
 22364 | Swamp:3  | Killed a thorn hunter
 22374 | Swamp:3  | Got a decaying rune of Zot
 22528 | Vaults:1 | Entered Level 1 of the Vaults
 22750 | Vaults:1 | Noticed a Shadow Fiend
 22752 | Vaults:1 | Received a gift from Yredelemnul (a ghoul)
 22871 | Vaults:1 | Found Gydariok's General Store.
 22880 | Vaults:1 | Bought a scroll of magic mapping for 52 gold pieces
 23039 | Vaults:1 | Reached skill level 15 in Fighting
 23338 | Vaults:1 | Noticed Jorgrun
 23343 | Vaults:1 | Killed Jorgrun
 23543 | Vaults:1 | Received a gift from Yredelemnul (a vampire)
 23552 | Vaults:1 | Reached XP level 17. HP: 151/187 MP: 16/16
 23901 | Vaults:2 | Received a gift from Yredelemnul (a profane servitor)
 24347 | Vaults:2 | Received a gift from Yredelemnul (a vampire knight)
 24538 | Vaults:2 | Received a gift from Yredelemnul (a flayed ghost)
 24552 | Vaults:2 | Reached skill level 10 in Invocations
 24818 | Vaults:2 | Found Kaulifau's Gadget Emporium.
 25067 | Vaults:2 | Bought a box of beasts for 340 gold pieces
 25129 | Vaults:3 | Entered Level 3 of the Vaults
 25129 | Vaults:3 | Noticed Xtahua
 25139 | Vaults:3 | Reached skill level 10 in Armour
 25140 | Vaults:3 | Noticed a titan
 25144 | Vaults:3 | Killed a titan
 25166 | Vaults:3 | Reached XP level 18. HP: 70/201 MP: 20/20
 25184 | Vaults:3 | Noticed a titan
 25186 | Vaults:3 | Received a gift from Yredelemnul (a ghoul)
 25200 | Vaults:3 | Found a staircase to the Depths.
 25204 | Vaults:3 | Killed a titan
 25205 | Vaults:3 | Found a staircase to the Slime Pits.
 25367 | Vaults:3 | Noticed a titan
 25376 | Vaults:3 | Killed a titan
 25376 | Vaults:3 | Reached XP level 19. HP: 40/214 MP: 20/20
 25746 | Vaults:3 | Identified the +3 flail of Amiluor {crush, rF- rN+ Str+2 SInv}
 26129 | Vaults:3 | Killed Xtahua
 26513 | Vaults:3 | Reached skill level 5 in Evocations
 26534 | Vaults:3 | Received a gift from Yredelemnul (a vampire)
 26632 | Vaults:3 | Received a gift from Yredelemnul (a profane servitor)
 26639 | Vaults:3 | HP: 7/217 [yaktaur[a vault warden] (8)]
 26943 | Vaults:3 | Learned a level 1 spell: Summon Butterflies
 26981 | Vaults:3 | Reached skill level 1 in Summonings
 27021 | Vaults:3 | Reached XP level 20. HP: 175/226 MP: 20/20
 27458 | Vaults:3 | Got a silver rune of Zot
 27534 | Depths:1 | Entered Level 1 of the Depths
 27547 | Depths:1 | Reached skill level 5 in Summonings
 27548 | Depths:1 | Received a gift from Yredelemnul (a ghoul)
 27683 | Depths:1 | Got the +2 helmet "Uteiggail" {Regen+ Int+2}
 27701 | Depths:1 | Noticed Bai Suzhen
 27706 | Depths:1 | Found a portal to the Elven Halls.
 27727 | Depths:1 | Got the Almanac of Creative Good Luck
 27732 | Elf      | Entered the Elven Halls
 27762 | Elf      | Received a gift from Yredelemnul (a phantasmal warrior)
 27955 | Elf      | Reached skill level 10 in Summonings
 28068 | Elf      | Got the ring of Vularph {Ice -Tele *Contam rN++ Dex+9 SInv}
 28195 | Elf      | Got the +10 battleaxe of Dull {drain, rF+ MR+}
 28284 | Elf      | Got the Incunabulum of the Traveller
 28287 | Elf      | Got the +3 pair of gloves "Jymadat" {*Slow Str+4 Dex+6}
 28586 | Depths:1 | Killed Bai Suzhen
 28615 | Depths:1 | Found Edasoxeu's General Store.
 29024 | Depths:2 | Noticed Mennas
 29029 | Depths:2 | Reached skill level 1 in Spellcasting
 29030 | Depths:2 | Reached XP level 21. HP: 207/234 MP: 21/21
 29032 | Depths:2 | Noticed Asterion
 29041 | Depths:2 | Received a gift from Yredelemnul (a skeletal warrior)
 29193 | Depths:2 | Killed Asterion
 29333 | Depths:2 | Received a gift from Yredelemnul (a flayed ghost)
 29335 | Depths:2 | Noticed Khufu
 29353 | Depths:2 | Killed Khufu
 29594 | Depths:2 | Killed Mennas
 29594 | Depths:2 | Reached skill level 5 in Spellcasting
 29642 | Depths:2 | Received a gift from Yredelemnul (a ghoul)
 29735 | Depths:2 | Got the +11 chain mail "Ipyconaf" {Str+10}
 29964 | Depths:2 | Noticed a greater mummy
 29973 | Depths:2 | Killed a greater mummy
 30266 | Depths:2 | Noticed a golden dragon
 30273 | Depths:2 | Killed a golden dragon
 30398 | Depths:2 | Noticed an acid robin
 30402 | Depths:2 | Killed an acid robin
 30457 | Depths:2 | Noticed an acid robin
 30460 | Depths:2 | Learned a level 1 spell: Beastly Appendage
 30464 | Depths:2 | Killed an acid robin
 30476 | Depths:2 | Received a gift from Yredelemnul (a vampire knight)
 30486 | Depths:2 | Noticed an acid robin
 30489 | Depths:2 | Killed an acid robin
 30500 | Depths:2 | Got Ima Nuvo's Witchcraft, Part One
 30660 | Depths:3 | Entered Level 3 of the Depths
 30678 | Depths:3 | Reached skill level 10 in Charms
 30680 | Depths:3 | Reached XP level 22. HP: 94/245 MP: 25/25
 30800 | Depths:3 | Noticed a golden dragon
 30931 | Depths:3 | Killed a golden dragon
 30985 | Depths:3 | Noticed an acid robin
 30987 | Depths:3 | Noticed an acid robin
 30988 | Depths:3 | Noticed an acid robin
 30994 | Depths:3 | Noticed an acid robin
 30997 | Depths:3 | Killed an acid robin
 31001 | Depths:3 | Killed an acid robin
 31005 | Depths:3 | Noticed an acid robin
 31010 | Depths:3 | Killed an acid robin
 31014 | Depths:3 | Killed an acid robin
 31020 | Depths:3 | Killed an acid robin
 31021 | Depths:3 | Received a gift from Yredelemnul (a ghoul)
 31158 | Depths:3 | Noticed Jory
 31168 | Depths:3 | Killed Jory
 31224 | Depths:3 | Received a gift from Yredelemnul (a flayed ghost)
 31250 | Depths:3 | Reached skill level 10 in Evocations
 31339 | Depths:3 | Found Ogakuf's Antique Weapon Emporium.
 31479 | Depths:3 | Noticed a golden dragon
 31486 | Depths:3 | Killed a golden dragon
 31487 | Depths:3 | Received a gift from Yredelemnul (a profane servitor)
 31627 | Depths:3 | Found a gate to the Realm of Zot.
 31806 | Depths:3 | Found a one-way gate leading to the halls of Pandemonium.
 31908 | Zot:1    | Entered Level 1 of the Realm of Zot
 31909 | Zot:1    | Noticed a curse toe
 31916 | Zot:1    | Noticed a THE GIAGGOSTUONO
 31924 | Zot:1    | Noticed an acid robin
 31925 | Zot:1    | Noticed an acid robin
 31926 | Zot:1    | Noticed the Combo Robin
 31926 | Zot:1    | Noticed a cool robin
 31927 | Zot:1    | Noticed a cool robin
 31928 | Zot:1    | Noticed a cool robin
 31928 | Zot:1    | Noticed a diesel robin
 31942 | Zot:1    | Received a gift from Yredelemnul (a vampire)
 32043 | Zot:2    | Noticed an acid robin
 32044 | Zot:2    | Noticed an acid robin
 32044 | Zot:2    | Noticed an acid robin
 32055 | Zot:2    | Noticed an acid robin
 32055 | Zot:2    | Noticed an acid robin
 32056 | Zot:2    | Noticed an acid robin
 32057 | Zot:2    | Noticed an acid robin
 32062 | Zot:2    | Noticed an acid robin
 32066 | Zot:2    | Killed an acid robin
 32072 | Zot:2    | Killed an acid robin
 32081 | Zot:2    | Killed an acid robin
 32081 | Zot:2    | Reached XP level 23. HP: 188/257 MP: 21/21
 32085 | Zot:2    | Noticed a cool robin
 32086 | Zot:2    | Killed an acid robin
 32090 | Zot:2    | Killed a cool robin
 32092 | Zot:2    | Noticed a cool robin
 32094 | Zot:2    | HP: 11/258 [quicksilver dragon (13)]
 32097 | Zot:2    | Killed an acid robin
 32099 | Zot:2    | Upgraded the game from 5.2-4-g6121e92 to 5.3-36-g3e1cf7a
 32102 | Zot:2    | Mangled by a cool robin

Skill      XL: |  1  2  3  4  5  6  7  8  9 10 11 12 13 14 15 16 17 18 19 20 21 22 |
---------------+-------------------------------------------------------------------+-----
Axes           | 4 5 6 7 9 11 12 14 15 16 18 19 20 | 20.5
Fighting       | 5 8 9 11 12 13 14 15 16 17 18 19 | 19.8
Invocations    | 5 7 8 10 | 10.1
Evocations     | 2 7 8 11 | 11.3
Charms         | 6 8 10 | 10.2
Armour         | 5 8 10 12 13 14 | 14.8
Necromancy     | 3 4 |  4.3
Summonings     | 2 10 11 12 | 12.0
Spellcasting   | 1 5 |  5.6
Throwing       | |  1.7
Dodging        | |  2.4

Action                   |  1- 3 |  4- 6 |  7- 9 | 10-12 | 13-15 | 16-18 | 19-21 | 22-24 || total
-------------------------+-------+-------+-------+-------+-------+-------+-------+-------++-------
Melee: War axe           |    53 |   134 |   103 |   317 |       |       |       |       ||   607
       Battleaxe         |       |       |    91 |    50 |   644 |   530 |   734 |   210 ||  2259
       Constrict         |       |       |       |       |   142 |   102 |   109 |    36 ||   389
Throw: Poisoned dart     |     2 |       |     1 |     1 |       |       |       |       ||     4
       Tomahawk          |       |       |       |     4 |     4 |       |     3 |       ||    11
 Cast: Regeneration      |       |       |       |       |       |     1 |     2 |       ||     3
       Song of Slaying   |       |       |       |       |       |     1 |     1 |       ||     2
       Infusion          |       |       |       |       |       |     1 |       |       ||     1
       Spectral Weapon   |       |       |       |       |       |       |     1 |     1 ||     2
Invok: Drain Life        |       |       |       |     1 |     1 |     7 |    10 |     6 ||    25
       Recall Undead Sla |       |       |       |     1 |     1 |     2 |     1 |       ||     5
       Stop Recall       |       |       |       |       |       |     2 |       |       ||     2
       Enslave Soul      |       |       |       |       |       |     1 |     1 |       ||     2
 Abil: Spit Poison       |    28 |    25 |       |       |       |       |       |       ||    53
       Breathe Poison Ga |       |     7 |    33 |    47 |    37 |    32 |    16 |       ||   172
       End Infusion      |       |       |       |       |       |     1 |       |       ||     1
       End Regeneration  |       |       |       |       |       |       |     1 |       ||     1
Evoke: Wand              |       |       |       |     3 |     4 |       |     3 |     2 ||    12
  Use: Potion            |       |     2 |     1 |     4 |     3 |     5 |     6 |     5 ||    26
       Scroll            |       |       |       |     3 |    11 |     4 |    10 |     6 ||    34
 Stab: Sleeping          |       |     1 |       |       |       |       |       |       ||     1
       Invisible         |       |       |       |     3 |       |       |       |       ||     3
       Distracted        |       |       |       |       |     4 |     8 |     5 |     5 ||    22
       Confused          |       |       |       |       |     1 |       |       |       ||     1
       Paralysed         |       |       |       |       |       |       |       |     2 ||     2
Armor: Leather armour    |    20 |    77 |    13 |       |       |       |       |       ||   110
       Ring mail         |       |       |   118 |    33 |       |   298 |   145 |       ||   594
       Skin              |       |       |    11 |       |    20 |       |       |       ||    31
       Robe              |       |       |       |   108 |       |       |       |       ||   108
       Steam dragon scal |       |       |       |    77 |   107 |       |       |       ||   184
       Troll leather arm |       |       |       |       |   217 |       |       |       ||   217
       Swamp dragon scal |       |       |       |       |   101 |   152 |       |       ||   253
       Scale mail        |       |       |       |       |       |       |   240 |       ||   240
       Chain mail        |       |       |       |       |       |       |   226 |   206 ||   432
Dodge: Dodged            |    29 |    98 |    89 |   163 |   266 |   262 |   249 |   130 ||  1286
Block: Buckler           |     4 |    18 |     9 |    34 |       |       |       |       ||    65
